 Dungeon Crawl Stone Soup version 0.19-a0-1111-gcceb26a (webtiles) character file.

14 epen the Ducker (level 2, -2/14 HPs)
             Began as a Felid Monk on Aug 11, 2016.
             Slain by an adder (3 damage)
             ... on level 2 of the Dungeon.
             The game lasted 00:01:16 (653 turns).

epen the Ducker (Felid Monk)                         Turns: 653, Time: 00:01:17

Health: -2/14      AC:  1    Str:  7    XL:     2   Next: 31%
Magic:  3/3        EV: 20    Int: 11    God:
Gold:   17         SH:  0    Dex: 18    Spells: 0 memorised, 1 level left
                                        Lives:  0   Deaths: 0

rFire  . . .     SeeInvis +       - Unarmed
rCold  . . .     Gourm    .     (armour unavailable)
rNeg   . . .     Faith    .     (shield unavailable)
rPois  .         Spirit   .     (helmet unavailable)
rElec  .         Dismiss  .     (cloak unavailable)
rCorr  .         Reflect  .     (gloves unavailable)
SustAt .         Harm     .     (boots unavailable)
MR     .....                    (no amulet)
Stlth  +++.......               (no ring)
                                (no ring)

@: lethally poisoned (-2 -> -16), quick
A: no armour, no weapons or thrown items, claws 1, fangs 3, see invisible,
carnivore 3, speed 1, shaggy fur 1, slow metabolism 1, sharp paws
a: no special abilities


You were on level 2 of the Dungeon.
You were full.

You visited 1 branch of the dungeon, and saw 2 of its levels.

You collected 17 gold pieces.

Inventory:

Scrolls
 b - a scroll of teleportation {unknown}
 c - 3 scrolls of recharging {unknown}
 e - a scroll of enchant weapon {unknown}
 g - a scroll of immolation {unknown}
Potions
 d - 2 potions of curing {unknown}
 f - a potion of degeneration {unknown}
 h - a potion of flight {unknown}
 i - a potion of might {unknown}
Comestibles
 a - 3 meat rations


   Skills:
 + Level 3.1 Fighting
 + Level 4.2 Dodging
 + Level 3.0 Stealth
 * Level 3.3 Unarmed Combat


You had one spell level left.
You didn't know any spells.

Dungeon Overview and Level Annotations

Branches:
Dungeon (2/15)

Altars:


Innate Abilities, Weirdness & Mutations

You cannot wear armour.
You are incapable of wielding weapons or throwing items.
You have sharp claws.
You have razor-sharp teeth.
You have supernaturally acute eyesight. (SInv)
You are carnivorous and can eat meat at any time.
You cover ground quickly.
You are covered in fur. (AC +1)
You have a slow metabolism.
Your sharp claws are effective at attacking unaware monsters.


Message History

A dart slug comes into view.
You barely miss the adder. Your bite misses the adder.
The adder completely misses you.
You scratch the adder but do no damage. The adder bites you.
You scratch the adder.
The adder is lightly wounded.
The adder bites you.
You are lethally poisoned!
The adder poisons you! The adder closely misses you.
You miss the adder. Your bite misses the adder.
The adder is lightly wounded.
You feel sick. The adder bites you.
* * * LOW HITPOINT WARNING * * *
You are more poisoned.
The adder poisons you!
You closely miss the adder.
The adder is lightly wounded.
* * * LOW HITPOINT WARNING * * *
You feel sick. The adder bites you.
You die...

........... .#.########
#..# .#.###### #..#
.#......# #.##..#
.#......# #.##..#
.'>.....# #.##.w##
.#......# #.#<...
.######## #.#.#.# .#
#.#.#@# .# ###...#S#
.#########....##g#
...........P..P.K######.
######.....P♣P.P........
............P♣♣.P.######
.#.###........♣♣.P.#
#........P.♣♣.#
########.... .P#


You could see an adder, a dart slug, a hobgoblin and a kobold.

Vanquished Creatures
  2 goblins (D:1)
  2 hobgoblins (D:1)
  A ball python (D:1)
  3 bats (D:1)
  3 kobolds (D:1)
  5 rats
16 creatures vanquished.

Notes
Turn   | Place    | Note
-------+----------+-------------------------------------------
     0 | D:1      | epen the Felid Monk began the quest for the Orb.
     0 | D:1      | Reached XP level 1. HP: 10/10 MP: 2/2
   316 | D:1      | Reached XP level 2. HP: 12/14 MP: 3/3
   653 | D:2      | Slain by an adder

Vault maps used:
D:1:      onia_arrival_pentagram
D:2:      serial_forest, infiniplex_forest_clump_cross,
          infiniplex_forest_clump_diagonal, infiniplex_forest_lined_3_way,
          infiniplex_forest_clump_diagonal, infiniplex_forest_clump_small,
          infiniplex_forest_lined_room_2, minmay_goblin_outpost, uniq_iyjb

Skill      XL: |  1 |
---------------+----+-----
Stealth        | 3 |  3.0
Fighting       | |  3.1
Dodging        | |  4.2
Unarmed Combat | |  3.3

Action                   || total
-------------------------++-------
Melee: Unarmed           ||    46
       Bite              ||     4
       Punch             ||     1
 Stab: Sleeping          ||     4
  Eat: Chunk             ||     4
Armor: Skin              ||     1
Dodge: Dodged            ||    32
